 Dungeon Crawl Stone Soup version 0.20.1-1-g8b1a95d (webtiles) character file.

5558 Kingsmith the Carver (level 10, -10/136 HPs)
             Began as a Minotaur Fighter on Dec 8, 2017.
             Was a Follower of the Shining One.
             Mangled by a death yak (13 damage)
             ... on level 9 of the Dungeon.
             The game lasted 00:17:36 (8030 turns).

Kingsmith the Carver (Minotaur Fighter)             Turns: 8030, Time: 00:17:38

Health: -10/136    AC: 25    Str: 32    XL:     10   Next: 44%
Magic:  6/9        EV:  2    Int:  5    God:    the Shining One [*.....]
Gold:   524        SH: 19    Dex: 13    Spells: 9/9 levels left

rFire    . . .     SeeInvis .   a - +1 long sword
rCold    . . .     Gourm    .   c - +0 shield
rNeg     + + +     Faith    .   (armour currently unavailable)
rPois    +         Spirit   .   (helmet currently unavailable)
rElec    .         Reflect  .   (cloak currently unavailable)
rCorr    .         Harm     .   (gloves currently unavailable)
MR       .....     NoTele   +   (boots currently unavailable)
Stlth    +.........             (no amulet)
Regen    0.4/turn               u - +3 ring of strength
MPRegen  0.2/turn               b - +3 ring of dexterity

@: mighty, divine shield, tree-form, glowing
A: (retaliatory headbutt)
a: Renounce Religion


You were on level 9 of the Dungeon.
You worshipped the Shining One.
The Shining One was aware of your devotion.
You were hungry.
You were a tree.
You visited 2 branches of the dungeon, and saw 10 of its levels.
You also visited: Sewer.

You collected 524 gold pieces.

Inventory:

Hand Weapons
 a - a +1 long sword (weapon)
Armour
 c - a +0 shield (worn)
 z - a +0 chain mail (melded)
 F - a +0 cloak (melded)
Jewellery
 b - a +3 ring of dexterity (right branch)
 u - a +3 ring of strength (left branch)
 y - an uncursed ring of resist corrosion
 M - an uncursed ring of fire
 N - an uncursed ring of protection from magic {unknown}
Wands
 J - a wand of paralysis (16/24)
 K - a wand of paralysis (11/24)
 P - a wand of acid (9/15)
 Q - a wand of confusion (13/48)
Scrolls
 e - a scroll of blinking
 h - 2 scrolls of magic mapping
 k - a scroll of noise
 l - 3 scrolls of teleportation
 n - a scroll of enchant weapon
 q - 3 scrolls of remove curse
 r - 4 scrolls of recharging
 x - a scroll of random uselessness
 A - a scroll of amnesia
 C - a scroll of enchant armour
 G - 2 scrolls of identify
 O - 2 scrolls of immolation {unknown}
Potions
 d - 8 potions of might
 g - 7 potions of agility
 i - 3 potions of curing
 m - a potion of cancellation
 o - 3 potions of brilliance
 p - 2 potions of mutation
 t - a potion of magic
 E - 4 potions of flight
 H - a potion of resistance
 L - a potion of berserk rage {unknown}
Books
 B - a book of Conjurations

   Spells                             Type                      Level
   a - Magic Dart                     Conjuration                  1
   b - Searing Ray                    Conjuration                  2
   c - Dazzling Spray                 Conjuration/Hexes            3
   d - Fulminant Prism                Conjuration/Hexes            4
   e - Force Lance                    Conjuration/Translocation    4
   f - Iskenderun's Mystic Blast      Conjuration                  4
 I - a book of Geomancy

   Spells                             Type                      Level
   a - Sandblast                      Earth                        1
   b - Passwall                       Transmutation/Earth          2
   c - Stone Arrow                    Conjuration/Earth            3
   d - Petrify                        Transmutation/Earth          4
   e - Lee's Rapid Deconstruction     Earth                        5
Comestibles
 f - 6 bread rations
 j - 5 meat rations
 s - 12 royal jellies
 v - 13 fruits
 R - 4 chunks of flesh


   Skills:
 - Level 9.0 Fighting
 - Level 10.7 Long Blades
 - Level 9.0 Armour
 + Level 5.5 Dodging
 - Level 9.0 Shields


You had 9 spell levels left.
You didn't know any spells.

Dungeon Overview and Level Annotations

Branches:
Dungeon (9/15)             Temple (1/1) D:5
   Lair: D:8-11         Orc: D:9-12

Altars:
Ashenzari
Cheibriados
Dithmenos
Elyvilon
Fedhas
Gozag
Kikubaaqudgha
Makhleb
Nemelex Xobeh
Okawaru
Qazlal
Ru
Sif Muna
Trog
Vehumet
Xom
Yredelemnul
Zin
The Shining One


Innate Abilities, Weirdness & Mutations

((You reflexively headbutt those who attack you in melee.))
((You have a pair of horns on your head.))


Message History

* * * LOW HITPOINT WARNING * * *
You feel better. You block the death yak's attack.
The death yak gores you but does no damage.
You slash the death yak!
The death yak is severely wounded.
The death yak gores you but does no damage.
You block the death yak's attack.
You hit the death yak but do no damage.
The death yak is severely wounded.
You block the death yak's attack. The death yak gores you!
* * * LOW HITPOINT WARNING * * *
You hit the death yak.
The death yak is almost dead.
You block the death yak's attack.
Your shield is strengthened by the Shining One's divine power.
You feel slightly more hungry.
You can no longer call upon the Shining One for a divine shield.
The death yak gores you but does no damage.
The death yak gores you!
You die...

#...YY# ##.#######
#........# #...F....#
##########+## #...Y....#
#.......[...# ..#........#
#.÷..........
#..........#####...<.....[..
###......Y.#...'...........#
#........#♣###...........#
#.......FYY# #############
#........### ##########


You could see 2 death yaks and a bullfrog.

Vanquished Creatures
  3 death yaks (D:9)
  A hornet (D:8)
  Prince Ribbit (D:5)
  A soldier ant (D:8)
  A water moccasin (D:7)
  An orc warrior (D:7)
  2 ice beasts
  A sky beast (D:6)
  3 phantoms
  A black bear (D:8)
  3 ogres
  6 big kobolds
  4 bullfrogs
  2 scorpions
  A bullfrog zombie (D:5)
  A centaur zombie (D:7)
  3 crimson imps
  5 orc priests
  2 hounds (D:7)
  7 orc wizards
  A bullfrog skeleton (D:8)
  2 centaur skeletons
  Terence (D:3)
  4 iguanas (D:5)
  6 worker ants
  A killer bee zombie (D:7)
  3 hound skeletons
  3 gnolls (D:5)
  10 adders
  12 river rats
  2 shadow imps
  2 adder skeletons
  An adder zombie (D:6)
  3 worms
  4 leopard geckos
  22 orcs
  6 ball pythons
  7 giant cockroaches
  9 goblins
  5 hobgoblins
  16 jackals
  23 kobolds
  2 quokkas (D:5)
  7 bats
  7 frilled lizards
  A jackal skeleton (D:4)
  A quokka zombie (D:8)
  40 rats
250 creatures vanquished.

Vanquished Creatures (others)
  A fungus (D:8)
1 creature vanquished.

Grand Total: 251 creatures vanquished

Notes
Turn   | Place    | Note
-------+----------+-------------------------------------------
     0 | D:1      | Kingsmith the Minotaur Fighter began the quest for the Orb.
     0 | D:1      | Reached XP level 1. HP: 19/19 MP: 0/0
   107 | D:1      | Reached XP level 2. HP: 26/26 MP: 1/1
   545 | D:2      | Found a blossoming altar of Fedhas.
   761 | D:2      | Reached skill level 5 in Shields
   761 | D:2      | Reached XP level 3. HP: 28/31 MP: 2/2
  1465 | D:3      | Reached XP level 4. HP: 39/39 MP: 3/3
  1723 | D:3      | Found a faded altar of an unknown god.
  1783 | D:3      | Noticed Terence
  1789 | D:3      | Killed Terence
  1789 | D:3      | Reached XP level 5. HP: 39/45 MP: 4/4
  2380 | D:4      | Reached skill level 5 in Armour
  2712 | D:4      | Reached XP level 6. HP: 48/51 MP: 5/5
  3178 | D:4      | Found a sparkling altar of Nemelex Xobeh.
  3252 | D:5      | Entered Level 5 of the Dungeon
  3342 | D:5      | Found a glowing drain.
  3380 | Sewer    | Entered a sewer
  3556 | Sewer    | Reached XP level 7. HP: 57/57 MP: 6/6
  4179 | D:5      | Noticed Prince Ribbit
  4205 | D:5      | Reached XP level 8. HP: 13/64 MP: 7/7
  4775 | D:5      | Reached skill level 5 in Fighting
  4861 | D:5      | Killed Prince Ribbit
  5014 | D:5      | Found a staircase to the Ecumenical Temple.
  5028 | Temple   | Entered the Ecumenical Temple
  5039 | Temple   | Became a worshipper of the Shining One
  5845 | D:6      | Reached XP level 9. HP: 49/82 MP: 8/8
  6031 | D:6      | Found a basalt altar of Yredelemnul.
  6190 | D:6      | Found an opulent altar of Gozag.
  6191 | D:6      | Found a stormy altar of Qazlal.
  6287 | D:7      | Reached skill level 3 in Long Blades
  6348 | D:7      | Reached skill level 4 in Long Blades
  6424 | D:7      | Reached * piety under the Shining One
  6424 | D:7      | Reached skill level 5 in Long Blades
  6516 | D:7      | Reached skill level 6 in Long Blades
  6904 | D:8      | Reached skill level 7 in Long Blades
  6914 | D:8      | Found a snail-covered altar of Cheibriados.
  7129 | D:8      | Reached skill level 8 in Long Blades
  7131 | D:8      | Found a blossoming altar of Fedhas.
  7275 | D:8      | Paralysed by a hornet for 1 turns
  7603 | D:8      | Paralysed by a hornet for 1 turns
  7613 | D:8      | Reached skill level 9 in Long Blades
  7958 | D:9      | Noticed a death yak
  7964 | D:9      | Noticed a death yak
  7964 | D:9      | Noticed a death yak
  7966 | D:9      | Noticed a death yak
  7967 | D:9      | Noticed a death yak
  7967 | D:9      | Reached ** piety under the Shining One
  7977 | D:9      | Killed a death yak
  7977 | D:9      | Reached skill level 10 in Long Blades
  7977 | D:9      | Reached XP level 10. HP: 66/91 MP: 9/9
  7985 | D:9      | Killed a death yak
  8008 | D:9      | Killed a death yak
  8008 | D:9      | Reached skill level 5 in Dodging
  8025 | D:9      | HP: 2/136 [death yak (14)]
  8030 | D:9      | Mangled by a death yak

Skill      XL: |  1  2  3  4  5  6  7  8  9 10 |
---------------+-------------------------------+-----
Shields        | 4 5 6 7 8 9 |  9.0
Armour         | 5 7 9 |  9.0
Fighting       | 8 9 |  9.0
Long Blades    | 10 | 10.7
Dodging        | 5 |  5.5

Action                   |  1- 3 |  4- 6 |  7- 9 | 10-12 || total
-------------------------+-------+-------+-------+-------++-------
Melee: Long sword        |    70 |   138 |   484 |    33 ||   725
       Headbutt          |    12 |    31 |   112 |     9 ||   164
Invok: Divine Shield     |       |       |       |     1 ||     1
  Use: Potion            |     1 |       |     2 |     8 ||    11
       Scroll            |       |     3 |    19 |       ||    22
  Eat: Chunk             |     2 |     7 |    12 |       ||    21
       Fruit             |       |       |     3 |       ||     3
Armor: Scale mail        |    33 |    34 |       |       ||    67
       Chain mail        |       |    40 |   271 |     3 ||   314
       Skin              |       |       |       |    12 ||    12
Dodge: Dodged            |    37 |    81 |   138 |     5 ||   261
Block: Shield            |       |    60 |   366 |    18 ||   444
       Rpst.: Long sword |     8 |    23 |    38 |     1 ||    70
